 Dungeon Sprint DCSS version 0.26-a0-663-g36e8fdb655 (webtiles) character file.

Game seed: 12005978864209398588

879 sahdkjhfkaj the Destroyer (level 8, 0/64 HPs)
             Began as a Gnoll Conjurer on Oct 11, 2020.
             Was a High Priest of Sif Muna.
             Slain by a komodo dragon (24 damage)
             ... in the Dungeon (Sprint VII: "The Pits").
             The game lasted 00:03:16 (1056 turns).

sahdkjhfkaj the Destroyer (Gnoll Conjurer)          Turns: 1056, Time: 00:03:17

Health: 0/64       AC:  2    Str: 10    XL:     8   Next: 4%
Magic:  3/20       EV: 17    Int: 22    God:    Sif Muna [*****.]
Gold:   0          SH:  0    Dex: 14    Spells: 16/23 levels left

rFire    . . .     SeeInvis .   j - +1 long sword (holy)
rCold    . . .     Faith    .   (no shield)
rNeg     . . .     Spirit   .   a - +0 robe
rPois    .         Reflect  .   (no helmet)
rElec    .         Harm     .   (no cloak)
rCorr    .         Rampage  .   (no gloves)
MR       .....     NoTele   +   (no boots)
Stlth    ++++......             (no amulet)
HPRegen  0.20/turn              (no ring)
MPRegen  0.17/turn              (no ring)

@: no status effects
A: distributed training, fangs 1, strong nose
a: Channel Magic, Forget Spell, Divine Exegesis, Renounce Religion


You were in the Dungeon.
You worshipped Sif Muna.
Sif Muna was extremely pleased with you.
You visited 1 branch

Inventory:

Hand Weapons
 j - a +1 long sword of holy wrath (weapon)
Armour
 a - a +0 robe (worn)
Scrolls
 h - a scroll of blinking
 k - 3 scrolls of remove curse
 l - 5 scrolls of amnesia
 m - a scroll of summoning
 n - 2 scrolls of vulnerability
Potions
 c - 6 potions of curing
 d - 5 potions of heal wounds
 e - a potion of haste
 f - 4 potions of magic
 g - 3 potions of berserk rage
 i - 2 potions of invisibility


   Skills:
 + Level 6.1 Fighting
 + Level 6.1 Short Blades
 + Level 6.1 Long Blades
 + Level 6.1 Axes
 + Level 6.1 Maces & Flails
 + Level 6.1 Polearms
 + Level 6.1 Staves
 + Level 6.1 Slings
 + Level 6.1 Bows
 + Level 6.1 Crossbows
 + Level 6.1 Throwing
 + Level 6.1 Armour
 + Level 7.7 Dodging
 + Level 7.4 Stealth
 + Level 6.1 Shields
 + Level 6.1 Unarmed Combat
 + Level 8.0 Spellcasting
 + Level 8.8 Conjurations
 + Level 5.0 Hexes
 + Level 5.0 Summonings
 + Level 5.0 Necromancy
 + Level 5.0 Translocations
 + Level 5.0 Transmutations
 + Level 5.0 Fire Magic
 + Level 5.0 Ice Magic
 + Level 5.0 Air Magic
 + Level 5.0 Earth Magic
 + Level 5.0 Poison Magic
 + Level 6.7 Invocations
 + Level 6.1 Evocations


You had 16 spell levels left.
You knew the following spells:

 Your Spells              Type           Power        Failure   Level
a - Magic Dart            Conj           ####         1%          1
b - Searing Ray           Conj           #####.       1%          2
f - Fulminant Prism       Conj/Hex       #####.....   4%          4

Your spell library contained the following spells:

 Spells                   Type           Power        Failure   Level
 Sublimation of Blood     Necr           ####......   1%          2
 Dazzling Flash           Conj/Hex       #####.       1%          3
 Mephitic Cloud           Conj/Pois/Air  #####...     1%          3
 Static Discharge         Conj/Air       #####...     1%          3
 Iskenderun's Mystic Bla  Conj/Tloc      #####...     4%          4
 Agony                    Necr           ####....     26%         5
 Haunt                    Necr/Summ      ####......   100%        7


Dungeon Overview and Level Annotations

Branches:
Dungeon (1/1)

Altars:
Ashenzari
Cheibriados
Dithmenos
Elyvilon
Fedhas
Gozag
Hepliaklqana
Kikubaaqudgha
Makhleb
Nemelex Xobeh
Okawaru
Qazlal
Ru
Sif Muna
Trog
Uskayaw
Vehumet
Wu Jian
Xom
Yredelemnul
Zin
The Shining One
Beogh
Jiyva
Lugonu


Innate Abilities, Weirdness & Mutations

Your experience applies equally to all skills.
You have very sharp teeth.
Your uncanny sense of smell can sniff out nearby items.


Message History

Unknown command.
Unknown command.
Unknown command.
The searing ray hits the komodo dragon but does no damage.
The komodo dragon is heavily wounded.
You finish channeling your searing ray.
The komodo dragon barely misses you.
Casting: Searing Ray (safe; 1% risk of failure)
Confirm with . or Enter, or press ? or * to list all spells.
Aiming: Searing Ray (safe; 1% risk of failure)
Press: ? - help, Shift-Dir - straight line, f - komodo dragon
Aim: a komodo dragon (heavily wounded)
The searing ray hits the komodo dragon.
The komodo dragon is heavily wounded. (Press . to maintain the ray.)
The komodo dragon bites you!!
* * * LOW HITPOINT WARNING * * *
The searing ray hits the komodo dragon.
The komodo dragon is heavily wounded.
The komodo dragon bites you!!
You die...

#)#.....#'###...<...#
#.#........##.......#
#.#........##.......#
#'###########.......#
#.......#..##########
#.......#)## ###
#...#...#.# ...#∆∆∆∆
#..###..#[#....#∆∆
#...#...#@l....+∆∆
#..†....#)#....#∆∆
#.......')# ...#∆∆
########### ###


You could see a komodo dragon.

Vanquished Creatures
  A cane toad (D)
  A flying skull (D)
  A fire bat (D)
  An ogre (D)
  A small abomination (D)
  A jelly (D)
  An orc wizard (D)
  An iron imp (D)
  Jessica (D)
  2 river rats (D)
  An ufetubus (D)
  An adder skeleton (D)
  2 orcs (D)
  A giant cockroach (D)
  2 hobgoblins (D)
  2 quokkas (D)
  A ball python (D)
  A bat (D)
  A jackal skeleton (D)
23 creatures vanquished.

Vanquished Creatures (others)
  3 fulminant prisms (D)
3 creatures vanquished.

Grand Total: 26 creatures vanquished

Notes
Turn   | Place    | Note
-------+----------+-------------------------------------------
     0 | D        | sahdkjhfkaj the Gnoll Conjurer began the quest for the Orb.
     0 | D        | Reached XP level 1. HP: 13/13 MP: 6/6
    14 | D        | Reached skill level 1 in Fighting
    14 | D        | Reached skill level 1 in Short Blades
    14 | D        | Reached skill level 1 in Long Blades
    14 | D        | Reached skill level 1 in Axes
    14 | D        | Reached skill level 1 in Maces & Flails
    14 | D        | Reached skill level 1 in Polearms
    14 | D        | Reached skill level 1 in Staves
    14 | D        | Reached skill level 1 in Slings
    14 | D        | Reached skill level 1 in Bows
    14 | D        | Reached skill level 1 in Crossbows
    14 | D        | Reached skill level 1 in Throwing
    14 | D        | Reached skill level 1 in Armour
    14 | D        | Reached skill level 1 in Shields
    14 | D        | Reached skill level 1 in Unarmed Combat
    14 | D        | Reached skill level 5 in Spellcasting
    14 | D        | Reached skill level 1 in Invocations
    14 | D        | Reached skill level 1 in Evocations
   191 | D        | Found a bloodstained altar of Trog.
   191 | D        | Found a shimmering blue altar of Sif Muna.
   191 | D        | Found a viscous altar of Jiyva.
   191 | D        | Found a hazy altar of Hepliaklqana.
   191 | D        | Found an opulent altar of Gozag.
   192 | D        | Found a glowing golden altar of the Shining One.
   192 | D        | Found a glowing silver altar of Zin.
   192 | D        | Found a basalt altar of Yredelemnul.
   192 | D        | Found a shimmering altar of Xom.
   192 | D        | Found an ornate altar of the Wu Jian Council.
   192 | D        | Found a sacrificial altar of Ru.
   192 | D        | Found a stormy altar of Qazlal.
   192 | D        | Found an iron altar of Okawaru.
   192 | D        | Found a sparkling altar of Nemelex Xobeh.
   192 | D        | Found a burning altar of Makhleb.
   192 | D        | Found a blossoming altar of Fedhas.
   192 | D        | Found a white marble altar of Elyvilon.
   192 | D        | Found a shadowy altar of Dithmenos.
   192 | D        | Found a snail-covered altar of Cheibriados.
   195 | D        | Found a corrupted altar of Lugonu.
   195 | D        | Found a radiant altar of Vehumet.
   195 | D        | Found a roughly hewn altar of Beogh.
   196 | D        | Found an ancient bone altar of Kikubaaqudgha.
   196 | D        | Found a hide-covered altar of Uskayaw.
   196 | D        | Found a broken altar of Ashenzari.
   201 | D        | Became a worshipper of Sif Muna the Loreminder
   241 | D        | Reached XP level 2. HP: 21/21 MP: 5/8
   271 | D        | Learned a level 2 spell: Searing Ray
   273 | D        | Reached skill level 1 in Hexes
   273 | D        | Reached skill level 1 in Summonings
   273 | D        | Reached skill level 1 in Necromancy
   273 | D        | Reached skill level 1 in Translocations
   273 | D        | Reached skill level 1 in Transmutations
   273 | D        | Reached skill level 1 in Fire Magic
   273 | D        | Reached skill level 1 in Ice Magic
   273 | D        | Reached skill level 1 in Air Magic
   273 | D        | Reached skill level 1 in Earth Magic
   273 | D        | Reached skill level 1 in Poison Magic
   305 | D        | Reached * piety under Sif Muna
   384 | D        | Reached ** piety under Sif Muna
   385 | D        | Reached XP level 3. HP: 25/27 MP: 5/9
   386 | D        | Reached skill level 5 in Dodging
   483 | D        | Noticed an ogre
   484 | D        | Noticed Jessica
   484 | D        | Noticed a flying skull
   494 | D        | Killed an ogre
   494 | D        | Reached skill level 5 in Stealth
   494 | D        | Reached XP level 4. HP: 3/35 MP: 6/12
   494 | D        | Reached XP level 5. HP: 3/41 MP: 6/13
   494 | D        | Reached *** piety under Sif Muna
   499 | D        | Killed a flying skull
   499 | D        | Reached skill level 5 in Invocations
   499 | D        | Reached XP level 6. HP: 24/49 MP: 1/15
   522 | D        | Killed Jessica
   522 | D        | Reached **** piety under Sif Muna
   805 | D        | Noticed a cane toad
   812 | D        | Learned a level 4 spell: Fulminant Prism
   942 | D        | Killed a cane toad
   942 | D        | Reached skill level 5 in Fighting
   942 | D        | Reached skill level 5 in Short Blades
   942 | D        | Reached skill level 5 in Long Blades
   942 | D        | Reached skill level 5 in Axes
   942 | D        | Reached skill level 5 in Maces & Flails
   942 | D        | Reached skill level 5 in Polearms
   942 | D        | Reached skill level 5 in Staves
   942 | D        | Reached skill level 5 in Slings
   942 | D        | Reached skill level 5 in Bows
   942 | D        | Reached skill level 5 in Crossbows
   942 | D        | Reached skill level 5 in Throwing
   942 | D        | Reached skill level 5 in Armour
   942 | D        | Reached skill level 5 in Shields
   942 | D        | Reached skill level 5 in Unarmed Combat
   942 | D        | Reached skill level 5 in Evocations
   942 | D        | Reached XP level 7. HP: 56/56 MP: 9/18
  1009 | D        | Noticed a fire bat
  1012 | D        | Killed a fire bat
  1013 | D        | Reached ***** piety under Sif Muna
  1013 | D        | Identified Sif Muna's Almanac of Dark Flight (Sif Muna
                  | gifted it to you in the Dungeon)
  1013 | D        | Received a gift from Sif Muna
  1013 | D        | Reached skill level 5 in Hexes
  1013 | D        | Reached skill level 5 in Summonings
  1013 | D        | Reached skill level 5 in Necromancy
  1013 | D        | Reached skill level 5 in Translocations
  1013 | D        | Reached skill level 5 in Transmutations
  1013 | D        | Reached skill level 5 in Fire Magic
  1013 | D        | Reached skill level 5 in Ice Magic
  1013 | D        | Reached skill level 5 in Air Magic
  1013 | D        | Reached skill level 5 in Earth Magic
  1013 | D        | Reached skill level 5 in Poison Magic
  1048 | D        | Noticed a komodo dragon
  1053 | D        | Reached XP level 8. HP: 64/64 MP: 7/20
  1056 | D        | Slain by a komodo dragon

Illustrated notes

Levels and vault maps discovered:
D:        pitsprint [storerooms_1, entrance_room_1, metal_vault_1, armoury_1,
          mini_pit_1, grid_room_1, main_hall_1, silver_pit, the_coven_2,
          the_vestibule_1, steel_vault_4, golden_pit, hallway_of_sentries,
          crystal_vault_3, iron_vault_4, final_vault]

Skill      XL: |  1  2  3  4  5  6  7 |
---------------+----------------------+-----
Fighting       | 1 3 4 5 6 |  6.1
Short Blades   | 1 3 4 5 6 |  6.1
Long Blades    | 1 3 4 5 6 |  6.1
Axes           | 1 3 4 5 6 |  6.1
Maces & Flails | 1 3 4 5 6 |  6.1
Polearms       | 1 3 4 5 6 |  6.1
Staves         | 1 3 4 5 6 |  6.1
Slings         | 1 3 4 5 6 |  6.1
Bows           | 1 3 4 5 6 |  6.1
Crossbows      | 1 3 4 5 6 |  6.1
Throwing       | 1 3 4 5 6 |  6.1
Armour         | 1 3 4 5 6 |  6.1
Shields        | 1 3 4 5 6 |  6.1
Unarmed Combat | 1 3 4 5 6 |  6.1
Spellcasting   | 5 6 7 8 |  8.0
Invocations    | 1 3 5 6 |  6.7
Evocations     | 1 3 4 5 6 |  6.1
Hexes          | 1 2 3 4 5 |  5.0
Summonings     | 1 2 3 4 5 |  5.0
Necromancy     | 1 2 3 4 5 |  5.0
Translocations | 1 2 3 4 5 |  5.0
Transmutations | 1 2 3 4 5 |  5.0
Fire Magic     | 1 2 3 4 5 |  5.0
Ice Magic      | 1 2 3 4 5 |  5.0
Air Magic      | 1 2 3 4 5 |  5.0
Earth Magic    | 1 2 3 4 5 |  5.0
Poison Magic   | 1 2 3 4 5 |  5.0
Dodging        | 5 6 7 |  7.7
Stealth        | 5 6 7 |  7.4
Conjurations   | 8 |  8.8

Action                   |  1- 3 |  4- 6 |  7- 9 || total
-------------------------+-------+-------+-------++-------
Melee: Long sword        |       |     2 |       ||     2
 Cast: Magic Dart        |     5 |     3 |       ||     8
       Searing Ray       |     6 |     3 |     4 ||    13
       Fulminant Prism   |       |     1 |     2 ||     3
  Use: Potion            |       |     1 |       ||     1
Dodge: Dodged            |     6 |     6 |     4 ||    16
       Rpst.: Falchion   |     3 |       |       ||     3
       Long sword        |       |     1 |     1 ||     2

Table legend: (Time is in decaauts)
 A = Elapsed time spent in this place.
 B = Non-inter-level travel time spent in this place.
 C = Inter-level travel time spent in this place.
 D = Time resting spent in this place.
 E = Time spent auto-exploring this place.
 F = Levels seen in this place.
 G = Mean time per level.
                   A        B        C        D        E       F      G
               +--------+--------+--------+--------+--------+-----+--------+
         Total |   1055 |   1038 |     17 |    777 |      0 |   1 | 1055.0 |
       Dungeon |   1055 |   1038 |     17 |    777 |      0 |   1 | 1055.0 |
               +--------+--------+--------+--------+--------+-----+--------+

Top non-repeatable levels by time:
       D: 1055 daAuts
